[Event "40th Cappelle Open 2024"]
[Site "Cappelle-la-Grande"]
[Date "2024.03.02"]
[Round "1.1"]
[White "Puranik, Abhimanyu"]
[Black "Decrop, Hendrik"]
[Result "1-0"]
[ECO "D02"]
[WhiteElo "2618"]
[BlackElo "2120"]
[Annotator "TA"]
[PlyCount "65"]
[EventDate "2024.03.02"]
[EventType "swiss"]
[EventCountry "FRA"]
[SourceTitle "playchess.com"]
[Source "ChessBase"]
[SourceQuality "1"]
[TimeControl "40/5400+30:1800+30"]

1. Nf3 d5 2. g3 Nf6 3. Bg2 Nbd7 4. d4 Nb6 5. a4 a5 6. Nc3 Bf5 7. Nh4 e6 8. Nxf5 {[%emt 0:00:44] White is slightly better.} exf5 9. Qd3 Ne4 10. f3 Nxc3 11. bxc3 Qd7 12. e4 $36 {[%emt 0:00:55][%mdl 2048] White has the initiative.} Be7 13. Bh3 (13. exf5 Nxa4 14. O-O O-O $17) 13... Qc6 14. Bxf5 (14. exf5 Nxa4 15. O-O O-O $17 (15... Qxc3 16. Rxa4 Qc6 17. f6 $18) (15... Nxc3 16. Re1 $11)) 14... Nxa4 15. Bd2 ({White should try} 15. O-O $16 {exd5 is the strong threat.} Nxc3 16. exd5 Nxd5 17. Re1) 15... Nb2 $14 16. Qe2 dxe4 (16... O-O $16 {was necessary.}) 17. Bxe4 $18 Qb6 {[%emt 0:00:04] [#]} (17... Qc4 $142 18. Rb1 (18. Bxb7 Ra7 $18) 18... Qxe2+ 19. Kxe2 Nc4 20. Bxb7 (20. Rxb7 Kd7 $18) 20... Nxd2) 18. O-O $2 (18. Bc1 $1 $18 {and the rest is easy.}) 18... O-O $16 {[%emt 0:01:34] [#]} 19. Bc1 $1 {[%emt 0:08:03] Threatens to win with Ra2. A strong pair of Bishops.} a4 20. Bxb2 Qxb2 21. Qd3 Qb6 22. Bxh7+ Kh8 {[%emt 0:00:05] Strongly threatening ...g6.} 23. Rfb1 Qe6 24. Bf5 ({Worse is} 24. Rxb7 f5 (24... g6 $2 25. Rxc7 Kxh7 26. Qe4 $19) 25. Bxf5 (25. d5 $2 Qc8 $19) 25... Qxf5 (25... Rxf5 26. Rxc7 Bf8 27. c4 $17) 26. Qxf5 Rxf5 $17) 24... Qd6 25. Rxb7 g6 $1 26. Bh3 Qc6 {[%emt 0:02:50] Wards off c4} 27. Rbb1 a3 28. f4 {[%emt 0:00:48][%cal Bf3f4,Bf4f5,Bf5f6][%mdl 32] And now Bg2 would win.} Rab8 29. Re1 Rfe8 30. Bg2 Qd7 {[%emt 0:00:06] [#]} 31. f5 $1 g5 32. Qf3 {[%emt 0:03:46] aiming for f6.} Rb2 $2 (32... Bf6 $16 33. Rxe8+ Qxe8) 33. f6 {[%emt 0:00:43] Weighted Error Value: White=0.16 (very precise) /Black=0.20 (precise) .  Loses game:     	---       	Black=1      Missed win:     	White=1     	---        Mistake:       	White=1     	Black=2      Inaccurate:     	White=1     	Black=3      OK:         	White=10    	Black=5      Best:        	White=1     	Black=4      Strong:       	White=1     	Black=1} 1-0

[Event "40th Cappelle Open 2024"]
[Site "Cappelle-la-Grande"]
[Date "2024.03.02"]
[Round "1.2"]
[White "Albaric, Etienne"]
[Black "Idani, Pouya"]
[Result "0-1"]
[ECO "A21"]
[WhiteElo "2116"]
[BlackElo "2609"]
[Annotator "TA"]
[PlyCount "58"]
[EventDate "2024.03.02"]
[EventType "swiss"]
[EventCountry "FRA"]
[SourceTitle "playchess.com"]
[Source "ChessBase"]
[SourceQuality "1"]
[TimeControl "40/5400+30:1800+30"]

1. c4 e5 2. Nc3 d6 3. g3 Be7 4. Bg2 f5 5. d3 Nf6 6. Nf3 O-O 7. O-O Qe8 8. c5 Nc6 {[%emt 0:02:27] [#]} 9. b4 $1 Kh8 (9... a6 10. b5) 10. Rb1 Be6 {[%emt 0:14:02] The position is equal.} 11. b5 Nd8 12. Qa4 Nd5 13. Bd2 a6 14. cxd6 cxd6 15. Rfc1 Nxc3 $1 16. Rxc3 Bd7 17. Rc7 {[%emt 0:03:22] [#]} (17. Ne1 $142) 17... Ne6 $1 $17 18. Rcc1 (18. Rxb7 $2 Nc5 (18... axb5 19. Qc2 $15) 19. Qc4 Nxb7 $19) 18... Bxb5 19. Qa5 e4 20. Ne1 (20. dxe4 fxe4 21. Ne1 Bd8 (21... Bxe2 22. Bxe4 Nc5 23. Bxb7 $15)) 20... Nd4 21. Bf1 Qh5 22. a4 Bc6 {[%emt 0:01:02] Black is much more active.} (22... Nxe2+ $2 {loses.} 23. Bxe2 Qxe2 24. axb5 $18) 23. dxe4 (23. Nc2 $17 Nxc2 (23... Nxe2+ 24. Bxe2 Qxe2 25. Nd4 $17) 24. Rxc2) 23... Nxe2+ $19 24. Bxe2 Qxe2 25. exf5 Bd8 26. Qb4 Rxf5 $40 {[%emt 0:00:54][%mdl 128] Black goes for the king.} 27. Be3 {[%emt 0:00:18][%cal Oc1c6] Strongly threatening Rxc6! White is weak on the light squares} Bg5 {[%emt 0:08:27] This pair of bishops is nice.} 28. Qd4 (28. Rxc6 {is a better chance.} Bxe3 (28... bxc6 29. Rb2 $14) 29. Rc2 Bxf2+ 30. Kg2 Bxe1+ 31. Rxe2 Bxb4 32. Rxb4) 28... Raf8 29. Bxg5 {[%emt 0:01:13] Black must now prevent Be3.} Rxf2 {[%emt 0:00:25] Weighted Error Value: White=0.63/Black=0.08 (flawless) .  Mistake:       	White=3     	---        Inaccurate:     	White=4     	Black=1      OK:         	White=7     	Black=6      Best:        	---       	Black=3      Strong:       	---       	Black=2} 0-1

[Event "40th Cappelle Open 2024"]
[Site "Cappelle-la-Grande"]
[Date "2024.03.02"]
[Round "1.3"]
[White "Sasikiran, Krishnan"]
[Black "Marchyllie, Bruno"]
[Result "1-0"]
[ECO "C87"]
[WhiteElo "2578"]
[BlackElo "2115"]
[Annotator "TA"]
[PlyCount "111"]
[EventDate "2024.03.02"]
[EventType "swiss"]
[EventCountry "FRA"]
[SourceTitle "playchess.com"]
[Source "ChessBase"]
[SourceQuality "1"]
[TimeControl "40/5400+30:1800+30"]

1. e4 e5 2. Nf3 Nc6 3. Bb5 a6 4. Ba4 d6 5. O-O Bd7 6. c3 Be7 7. d4 Nf6 8. Re1 O-O 9. h3 Re8 10. Bc2 Bf8 11. Nbd2 g6 12. Nf1 Bg7 13. Ng3 h6 {[%emt 0:07:33] White is slightly better.} 14. Be3 Qe7 15. Qd2 Qf8 16. Rad1 Rad8 17. Qc1 Bc8 18. a3 Nd7 19. b4 Ne7 20. Bb3 Kh7 21. dxe5 (21. Qb1 $16) 21... Nxe5 $14 22. Nxe5 dxe5 23. Qc2 f5 24. exf5 {[%emt 0:02:02] White is much more active.} Bxf5 25. Nxf5 Nxf5 26. Bc5 {[%emt 0:01:38] This pair of bishops is nice.} Qf6 27. Qe4 b6 {[%emt 0:01:42] Hoping for ...Rxd1.} 28. Be3 $36 {[%emt 0:01:10][%mdl 2048] Black is under pressure.} Nxe3 29. Qxe3 Rxd1 (29... e4 $11) 30. Rxd1 Rd8 {[%emt 0:00:24] Black is weak on the light squares} 31. Rxd8 Qxd8 $16 {[%emt 0:00:02][%mdl 4096] Endgame. KQB-KQB} 32. Bc2 Qh4 33. Qe2 Qg5 (33... e4 $14) 34. g3 (34. Qxa6 $2 Qc1+ 35. Qf1 Qxc2 $19) 34... e4 35. Qxe4 ({White should play} 35. h4 $18 Qe5 36. Bxe4 (36. Qxa6 e3 $14)) 35... Bxc3 36. h4 Qf6 37. h5 {[%emt 0:00:53][%cal Oe4e8] aiming for Qe8!} Kg7 38. hxg6 {[%emt 0:00:58] Black must now prevent Qe8.} (38. Qxg6+ Qxg6 39. Bxg6 b5 $14) 38... Bd4 39. Qe2 Qe5 {[%emt 0:02:42] [#]} 40. Qf3 (40. Qxa6 {leads to mate.} Qxg3+ 41. Kh1 Qxf2 (41... Bxf2 42. Qf1 $15) (41... Bxf2 42. Qf1 $11)) 40... Qf6 {[%emt 0:00:37] [#]} 41. Bf5 $1 Qe5 {[%emt 0:36:32] Wards off Qd5} 42. Kg2 Qd6 (42... b5 $16 43. Qg4 Qf6) 43. Bd3 Bf6 44. Bxa6 Qe7 (44... Kxg6 $142 45. Bd3+ Kf7) 45. Bd3 $18 Qd6 46. Be4 Qe7 47. Qd3 Qe5 (47... h5 $142 48. Qd5 Kh6) 48. Qc4 Qe7 {[%emt 0:00:00] Prevents Qf7+} 49. Bf5 Be5 50. a4 Qf6 51. Be4 h5 52. a5 bxa5 53. bxa5 h4 54. a6 {[%emt 0:00:00] White mates.} hxg3 55. fxg3 Bxg3 56. Qf7+ {[%emt 0:00:00] Weighted Error Value: White=0.10 (very precise) /Black=0.42.  Mistake:       	White=2     	Black=5      Inaccurate:     	White=3     	Black=7      OK:         	White=16    	Black=12     Best:        	White=2     	Black=1      Strong:       	White=1     	---} 1-0

[Event "40th Cappelle Open 2024"]
[Site "Cappelle-la-Grande"]
[Date "2024.03.02"]
[Round "1.4"]
[White "Iolis, Oleg"]
[Black "Gopal G.N."]
[Result "1/2-1/2"]
[ECO "B90"]
[WhiteElo "2113"]
[BlackElo "2575"]
[Annotator "TA"]
[PlyCount "84"]
[EventDate "2024.03.02"]
[EventType "swiss"]
[EventCountry "FRA"]
[SourceTitle "playchess.com"]
[Source "ChessBase"]
[SourceQuality "1"]
[TimeControl "40/5400+30:1800+30"]

1. e4 c5 2. Nf3 d6 3. d4 cxd4 4. Nxd4 Nf6 5. Nc3 a6 6. Be3 e5 7. Nb3 Be7 8. f3 Be6 9. Qd2 h5 10. O-O-O Nbd7 11. Kb1 Rc8 12. Bd3 b5 13. h3 h4 14. f4 {[%emt 0:00:04] The position is equal.} Qc7 15. Rhe1 O-O 16. g4 hxg3 17. f5 Bc4 18. Rg1 Nh5 19. Bxc4 bxc4 20. Nd5 Qd8 21. Na5 {[%emt 0:00:33] Nb7 is the strong threat.} Ndf6 22. Qe2 Nxd5 (22... Nxe4 23. Qxh5 Ng5 24. f6 (24. Rxg3 Qe8 $18) (24. Nxe7+ Qxe7 25. Qxg5 f6 $18) 24... Bxf6 25. Nb7 $18) 23. Rxd5 (23. exd5 $17 {is the only way for White.} Nf4 24. Bxf4 exf4 (24... Qxa5 25. Bh6 $11) 25. Nc6 (25. Nxc4 $2 Re8 $19) 25... Rxc6 26. dxc6) 23... Nf4 $1 $19 (23... Nf6 24. Rxg3 (24. Nb7 Qc7 $17) 24... Nxd5 25. exd5 $15) 24. Qg4 {[%emt 0:01:25] [#]} (24. Qf3 $17 c3 (24... Nxd5 25. exd5 Bh4 26. Qg4 $19) 25. Qxg3 (25. Bxf4 $2 Qb6 $19)) 24... Nxd5 $2 ({Better is} 24... Bf6 $1 $19 25. Qxg3 (25. Bxf4 $2 exf4 26. Rgd1 Qb6 $19) 25... Qc7 (25... Nxd5 26. exd5 Qd7 27. Nc6 $11)) 25. Nb7 $2 (25. exd5 $11 {and White has nothing to worry.} Qxa5 26. Bh6) 25... Nxe3 $2 (25... Qd7 $19 26. Bh6 g6 (26... Qxb7 27. Qxg7#) 27. exd5 Qxf5 (27... Qxb7 $2 28. Rxg3 Rb8 29. b3 $19) 28. Qxg3 Rfe8) 26. Qxg3 $14 Nxf5 27. exf5 $40 {[%emt 0:00:04][%mdl 128] White has some attack.} Bf6 28. Nxd8 Rfxd8 29. h4 $1 Kf8 30. h5 {[%emt 0:02:37][%mdl 1024] White has strong compensation.} Ke7 (30... Rc6 $14) 31. Qa3 $16 Rc6 32. Rd1 Rb8 {[%emt 0:01:44] [#]} 33. Rd5 (33. Qe3 $1 $16 {[%cal Re3a7] Strongly threatening Qa7+.} Rcb6 34. b3) 33... Rbb6 (33... e4 $1 $11 {remains equal.} 34. Qe3 Rxb2+ (34... Bxb2 $2 {perishes.} 35. Qa7+ Kf6 36. Qxb8 $18) 35. Kc1 Kf8) 34. Qe3 Kf8 (34... Rb7 $142) 35. h6 gxh6 36. Qxh6+ Ke7 37. Qe3 {[%emt 0:00:45] Prevents e4. White is more active.} Rb7 38. Qe4 ({White should try} 38. Ra5 $18) 38... Rcb6 {[%emt 0:01:40] White is better.} 39. b3 Rc7 40. Kb2 Rc8 41. Ka3 cxb3 42. cxb3 ({But not} 42. axb3 Rc3 $14) 42... Rcc6 {[%emt 0:04:01] Quite a comeback for White.   Weighted Error Value: White=0.31/Black=0.37.  Loses game:     	White=1     	---        Missed win:     	---       	Black=2      Mistake:       	White=4     	Black=3      Inaccurate:     	White=3     	Black=1      OK:         	White=10    	Black=12     Best:        	White=2     	Black=4      Strong:       	White=1     	Black=1} 1/2-1/2

[Event "40th Cappelle Open 2024"]
[Site "Cappelle-la-Grande"]
[Date "2024.03.02"]
[Round "1.5"]
[White "Lodici, Lorenzo"]
[Black "Daels, Marc"]
[Result "1-0"]
[ECO "B31"]
[WhiteElo "2558"]
[BlackElo "2107"]
[Annotator "TA"]
[PlyCount "119"]
[EventDate "2024.03.02"]
[EventType "swiss"]
[EventCountry "FRA"]
[SourceTitle "playchess.com"]
[Source "ChessBase"]
[SourceQuality "1"]
[TimeControl "40/5400+30:1800+30"]

1. e4 c5 2. Nf3 Nc6 3. Bb5 Nf6 4. Nc3 g6 5. O-O Bg7 6. d3 O-O 7. e5 Ne8 8. Bxc6 dxc6 9. Be3 b6 10. h3 Nc7 11. Qd2 Ne6 12. Bh6 Nd4 13. Nxd4 {[%emt 0:00:47] The position is equal.} cxd4 14. Bxg7 Kxg7 (14... dxc3 15. Qh6 cxb2 16. Rae1 $14 (16. Bxf8 Qxf8 17. Qxf8+ Kxf8 $16)) 15. Ne4 Be6 16. Rae1 Qd7 17. h4 h6 18. h5 c5 19. f4 a5 20. Ng3 Rac8 21. Rf2 Rc6 22. a4 Bf5 23. Qe2 Kh7 24. Kh2 Rg8 25. Rh1 Bg4 26. Qe4 Bf5 27. Qe2 Bg4 28. hxg6+ fxg6 29. Qd2 Bf5 30. b3 Rf8 31. Kg1 Kg7 32. Qe1 Qd5 33. Nf1 Re6 34. Nd2 h5 35. Nf3 Rc6 36. Ng5 Bg4 37. Kh2 Bf5 {[%emt 0:01:04] [#]} 38. e6 Bg4 39. Qd2 Rf6 40. Re1 Rf5 41. Rff1 Qd6 42. Kg1 Qb8 43. Re4 Rd5 44. Rfe1 Bf5 45. Re5 Rxe5 46. Rxe5 Rd6 47. Qe2 Bg4 ({Black should play} 47... Qf8 $14) 48. Qe4 $16 {[%emt 0:00:00] aiming for Nf7. White is more active.} Qc8 {[%emt 0:01:21] [#]} (48... Qe8 $16 49. Qb7 (49. Nf7 Rxe6 50. Rxe6 Bxe6 $11) 49... Kf8) 49. Qe1 $2 (49. Nf7 $1 $18 Rxe6 50. Ng5 Rxe5 51. Qxe5+ Kg8 52. Qd5+ (52. Qxe7 Qd7 $18) 52... e6 53. Qe5) 49... Qc6 50. Qh4 Qe8 51. Kf1 Qc8 52. Qg3 Rxe6 $2 {[%emt 0:04:01][%mdl 8192] A mistake that costs the game.} (52... Qe8 $14) 53. Nxe6+ $18 Bxe6 54. Rxh5 $14 {[%emt 0:00:00][%cal Of4f5][%mdl 4096] Endgame. And now f5! would win. KQR-KQB} Bf5 55. Rh1 {[%emt 0:00:00] Threatens to win with Qh4.} Qd7 $2 (55... Qe6 56. Qh4 Qe3 57. Qh8+ Kf7) 56. Qh4 $18 {[%emt 0:00:00] White threatens Qh8+ and mate. White is clearly winning.} Kf7 57. Qh7+ Ke6 {[%emt 0:00:37] [#]} 58. g4 $1 Bxg4 (58... Qd6 59. gxf5+) 59. Qxg6+ Kd5 60. Rh6 {[%emt 0:20:17] Weighted Error Value: White=0.14 (very precise) /Black=0.26 (precise) .  Loses game:     	---       	Black=1      Missed win:     	White=1     	---        Mistake:       	White=1     	Black=3      Inaccurate:     	White=2     	Black=4      OK:         	White=19    	Black=15     Best:        	White=1     	---} 1-0

[Event "40th Cappelle Open 2024"]
[Site "Cappelle-la-Grande"]
[Date "2024.03.02"]
[Round "1.6"]
[White "Roger, Mehdi"]
[Black "Can, Emre"]
[Result "0-1"]
[ECO "B90"]
[WhiteElo "2106"]
[BlackElo "2551"]
[Annotator "TA"]
[PlyCount "82"]
[EventDate "2024.03.02"]
[EventType "swiss"]
[EventCountry "FRA"]
[SourceTitle "playchess.com"]
[Source "ChessBase"]
[SourceQuality "1"]
[TimeControl "40/5400+30:1800+30"]

1. e4 c5 2. Nf3 d6 3. d4 cxd4 4. Nxd4 Nf6 5. Nc3 a6 6. f3 e5 7. Nb3 Be6 8. Be3 Be7 9. Qd2 h5 10. Nd5 Nxd5 11. exd5 Bf5 12. Bd3 Bxd3 13. Qxd3 Bh4+ (13... Nd7 $11) 14. g3 $14 Bg5 15. O-O-O Bxe3+ 16. Qxe3 Nd7 17. Kb1 Rc8 18. h4 Nf6 19. Qg5 O-O 20. g4 {[%emt 0:00:21] [#] Black continues to play with concentration.} (20. c3 $11 {remains equal.}) 20... hxg4 $1 $17 21. fxg4 {[%emt 0:07:03] [#]} Rc4 $1 22. Rhg1 Qc8 23. Qe3 (23. Nd2 {is a better defense.} Rxg4 (23... Rxc2 24. Qe3 $17) 24. Rxg4 Qxg4 25. Kc1) 23... Rxg4 $19 (23... Rxc2 24. Nd2 $17) 24. Qb6 Rxg1 (24... Rxh4 25. Qxd6 Qf5 26. Qb6 $15) 25. Rxg1 Qd7 (25... Nxd5 26. Qxd6 Ne3 (26... Qe6 27. Qxe6 fxe6 28. Nc5 $11) 27. Qd2) 26. Na5 (26. Nc5 $17 Qd8 (26... dxc5 $2 {loses.} 27. Qxf6 g6 28. h5 $18) 27. Qxd8 Rxd8 28. Nxb7) 26... Nxd5 27. Qxb7 {[%emt 0:00:05] [#]} Nc3+ $1 28. bxc3 Qxb7+ 29. Nxb7 {[%emt 0:00:04][%mdl 4096] Endgame. KRN-KR} Rb8 30. Rg4 (30. Kc1 $142 Rxb7 31. c4) 30... Rxb7+ {[%emt 0:00:28] KR-KR} 31. Rb4 Rd7 32. Rb6 a5 33. Kc1 f5 34. Kd2 Kf7 35. Ra6 $2 (35. c4) 35... Kg6 {[%emt 0:00:56] Black is clearly winning.} 36. Rxa5 Kh5 37. Rd5 Kxh4 38. c4 Rc7 39. Rxd6 Rxc4 40. Re6 e4 41. Rg6 Rc7 {[%emt 0:31:04] Weighted Error Value: White=0.50/Black=0.11 (very precise) .  Mistake:       	White=5     	Black=1      Inaccurate:     	White=3     	Black=1      OK:         	White=5     	Black=15     Best:        	White=2     	Black=2      Strong:       	---       	Black=2} 0-1

[Event "40th Cappelle Open 2024"]
[Site "Cappelle-la-Grande"]
[Date "2024.03.02"]
[Round "1.7"]
[White "Bellahcene, Bilel"]
[Black "Bourgois, Bastien"]
[Result "1-0"]
[ECO "B32"]
[WhiteElo "2522"]
[BlackElo "2102"]
[Annotator "TA"]
[PlyCount "105"]
[EventDate "2024.03.02"]
[EventType "swiss"]
[EventCountry "FRA"]
[SourceTitle "playchess.com"]
[Source "ChessBase"]
[SourceQuality "1"]
[TimeControl "40/5400+30:1800+30"]

1. e4 c5 2. Nf3 Nc6 3. d4 cxd4 4. Nxd4 e5 5. Nb5 a6 6. Nd6+ Bxd6 7. Qxd6 Qf6 8. Qd1 Qg6 9. Nc3 d5 10. Nxd5 Qxe4+ 11. Ne3 Nf6 12. Bd3 Qh4 13. O-O e4 14. Be2 {[%emt 0:00:06] The position is equal.} O-O 15. Qe1 Be6 16. f4 Qxe1 17. Rxe1 Nd4 18. Bd1 Rfd8 19. h3 Nd5 20. c3 {[%emt 0:12:47] [#] Nxd5 is the strong threat.} Nxe3 21. Bxe3 Nf5 22. Bb6 Rd6 23. Bc5 Rd2 24. Rxe4 Rxb2 25. Rb4 Rxb4 26. cxb4 Bd5 27. Bc2 Nh4 28. Rd1 Bc6 (28... Bxg2 $11 29. Bf2 Bf3 30. Bxh4 Bxd1 31. Bxd1 Rc8) 29. g3 $14 Ng6 30. Kf2 Re8 31. Bb3 Nf8 32. Bd5 {[%emt 0:03:22] White is more active. A strong pair of Bishops.} Ne6 (32... Bxd5 $14 33. Rxd5 g6) 33. Bxc6 $16 bxc6 {[%emt 0:00:01][%mdl 4096] Endgame. KRB-KRN} 34. Be3 Nc7 35. Rd6 Nd5 36. Bc5 Rc8 37. a3 f6 38. Rd7 Re8 39. Rd6 Rc8 40. Rd7 Re8 $1 41. Kf3 Re1 42. Ra7 Nc3 43. Rxa6 Ne4 $2 {[%emt 0:00:27] [#]} (43... Rd1 {was called for.} 44. Kg4 (44. Rxc6 Rd3+ 45. Kg2 Rd2+ 46. Kf1 Rd3 $18) 44... g6 45. Rxc6 Rd3) 44. Rxc6 $18 Nd2+ 45. Kf2 Ra1 (45... Rc1 $142 46. a4 Kf7 47. Rc7+ Kg6) 46. b5 Ne4+ 47. Ke3 Nxc5 48. Rxc5 Rxa3+ {[%emt 0:00:10] KR-KR} 49. Kd4 Rb3 50. Kc4 Rb1 51. Kd5 Kf7 52. Ke4 $2 (52. Kc6 g5 53. fxg5) 52... Kg8 $2 (52... Ke6 {is a better chance.} 53. Kd4 Kd6 54. Rc6+ Kd7) 53. Kf3 $2 {Weighted Error Value: White=0.26 (precise) /Black=0.27 (precise) .  Mistake:       	---       	Black=4      Inaccurate:     	---       	Black=4      OK:         	White=18    	Black=12     Best:        	White=1     	Black=4      Strong:       	---       	Black=1} ({Not} 53. Kd5 Kf7 54. Kc6 h6) (53. Kf5 $18 {is more deadly.}) 1-0

[Event "40th Cappelle Open 2024"]
[Site "Cappelle-la-Grande"]
[Date "2024.03.02"]
[Round "1.8"]
[White "Dancourt, Jean-Hugues"]
[Black "Valsecchi, Alessio"]
[Result "0-1"]
[ECO "B00"]
[WhiteElo "2090"]
[BlackElo "2490"]
[Annotator "TA"]
[PlyCount "91"]
[EventDate "2024.03.02"]
[EventType "swiss"]
[EventCountry "FRA"]
[SourceTitle "playchess.com"]
[Source "ChessBase"]
[SourceQuality "1"]
[TimeControl "40/5400+30:1800+30"]

1. e4 c5 2. Nf3 e6 3. c3 b6 4. d4 Bb7 5. Bd3 Nf6 6. Qe2 Be7 7. O-O (7. dxc5 $16 bxc5 8. e5) 7... d5 $11 8. exd5 Qxd5 9. c4 Qh5 {[%emt 0:04:22] next ...Bxf3 is good for Black. The position is equal.} 10. d5 $1 exd5 11. Bg5 ({White should try} 11. cxd5 $11 Bxd5 12. Re1) 11... Nc6 {[%emt 0:12:00] Strongly threatening ...0-0-0.} 12. cxd5 (12. Bxf6 $1 $11 {remains equal.} gxf6 13. cxd5 Qxd5 14. Nc3) 12... Nxd5 $17 13. Be4 (13. Bxe7 $17 {might work better.} Ndxe7 14. Nc3) 13... Nd4 $19 14. Nxd4 Qxe2 ({But not} 14... Qxg5 15. Nf5 Rd8 16. h4 $11) 15. Nxe2 {[%emt 0:00:19] [#] And now Bxe7 would win.} Bxg5 16. Nec3 O-O-O 17. Bxd5 Bxd5 18. Nxd5 Rxd5 19. Nc3 Rd7 20. a4 a6 21. Ne4 Be7 22. Rfc1 Rc7 23. f3 Rd8 24. g4 Kb7 25. Kf2 Rd5 26. Rd1 Rcd7 27. Rxd5 Rxd5 {[%emt 0:00:07][%mdl 4096] Endgame. KRB-KRN} 28. Ke2 Kc6 29. Rc1 f5 30. gxf5 Rxf5 31. Rc2 Bd6 32. Nxd6 Kxd6 {[%emt 0:00:02] KR-KR} 33. Ke3 Re5+ 34. Kf4 Rd5 35. Rg2 Rd4+ 36. Kf5 g6+ (36... Rxa4 37. Rxg7 c4 38. Rg1 $19 (38. Rxh7 Rb4 $17)) 37. Kf6 Rxa4 38. Rg4 Rxg4 {[%emt 0:03:21] Black mates.} 39. fxg4 {[%emt 0:00:02] KP-KP} c4 40. g5 b5 41. h4 b4 42. Kg7 c3 43. bxc3 bxc3 44. Kxh7 c2 45. Kxg6 c1=Q ({And not} 45... c1=B 46. Kh7 a5 47. g6 $11) 46. h5 {[%emt 0:00:00] White got outplayed after the opening.   Weighted Error Value: White=0.39/Black=0.04 (flawless) .  Mistake:       	White=3     	---        Inaccurate:     	White=4     	Black=1      OK:         	White=7     	Black=17     Strong:       	White=1     	---} 0-1

[Event "40th Cappelle Open 2024"]
[Site "Cappelle-la-Grande"]
[Date "2024.03.02"]
[Round "1.9"]
[White "Girel, Joseph"]
[Black "Bianchi, Guillaume"]
[Result "1-0"]
[ECO "C41"]
[WhiteElo "2486"]
[BlackElo "2079"]
[Annotator "RC"]
[PlyCount "57"]
[EventDate "2024.03.02"]
[EventType "swiss"]
[EventCountry "FRA"]
[SourceTitle "playchess.com"]
[Source "ChessBase"]
[SourceQuality "1"]
[TimeControl "40/5400+30:1800+30"]

1. e4 d6 2. d4 Nf6 3. Nc3 Nbd7 4. Nf3 e5 5. Bc4 Be7 6. O-O c6 7. a4 h6 8. a5 Qc7 9. Re1 O-O 10. Ba2 Re8 11. h3 Nf8 12. d5 c5 13. a6 Ng6 14. axb7 Qxb7 15. Nd2 a5 16. Bb3 Bd7 17. Nc4 Qc7 18. Ba4 Reb8 19. Bd2 Rb4 20. b3 Nf8 21. Ra2 Bd8 22. Qa1 Ne8 23. Ne2 Rxa4 24. bxa4 f5 25. f3 Ng6 26. Nc3 Bg5 27. Bxg5 hxg5 28. Nb5 Qd8 29. Nbxd6 1-0